 Dungeon Crawl Stone Soup version 0.31-a0-466-g98c9adc2b6 (webtiles) character file.

Game seed: 3118556634446460376

510 MisterAzrael the Chopper (level 7, 0/62 HPs)
             Began as a Hill Orc Monk on Aug 5, 2023.
             Was a Believer of Zin.
             Slain by an ogre
             ... wielding a +0 giant club
              (13 damage)
             ... on level 5 of the Dungeon.
             The game lasted 00:06:12 (3703 turns).

MisterAzrael the Chopper (Hill Orc Monk)            Turns: 3703, Time: 00:06:12

Health: 0/62       AC: 12    Str: 16    XL:     7   Next: 19%
Magic:  8/8        EV: 11    Int: 10    God:    Zin [**....]
Gold:   12         SH:  5    Dex: 13    Spells: 5/8 levels left

rFire   . . .        a - +0 hand axe (heavy)
rCold   . . .        i - +1 buckler {AC+3}
rNeg    . . .        e - +0 swamp dragon scales
rPois   +            (no helmet)
rElec   .            (no cloak)
rCorr   .            (no gloves)
SInv    .            t - +0 pair of boots
Will    .....        y - amulet of magic regeneration
Stlth   +            (no ring)
HPRegen 0.30/turn    (no ring)
MPRegen 0.51/turn

%: no passive effects
@: on recite cooldown
A: no striking features
a: Renounce Religion, Recite, Vitalisation, Donate Gold


You were on level 5 of the Dungeon.
You worshipped Zin.
Zin was pleased with you.
You visited 2 branches of the dungeon, and saw 6 of its levels.

You collected 150 gold pieces.
You spent 123 gold pieces at shops.
You donated 15 gold pieces to Zin.

Inventory:

Hand Weapons
 a - a +0 heavy hand axe (weapon)
Missiles
 w - a throwing net
Armour
 b - a +0 robe
 d - an orb of light
 e - +0 swamp dragon scales (worn)
 i - a +1 buckler of protection (worn)
 t - a +0 pair of boots (worn)
Magical Staves
 A - a staff of air
Jewellery
 h - a ring of protection from cold
 m - a ring of poison resistance
 r - a ring of protection from cold
 y - an amulet of magic regeneration (around neck)
 z - a ring of ice
Wands
 x - a wand of charming (9)
Scrolls
 g - a scroll of teleportation
 n - a scroll of revelation {unknown}
 o - a scroll of blinking {unknown}
 p - 2 scrolls of poison {unknown}
 q - 2 scrolls of fear {unknown}
 s - 2 scrolls of amnesia {unknown}
 v - 2 scrolls of identify {unknown}
 B - a scroll of enchant weapon {unknown}
Potions
 f - a potion of enlightenment {unknown}
 j - a potion of degeneration {unknown}
 k - a potion of invisibility {unknown}
 l - a potion of brilliance {unknown}
 u - 3 potions of curing {unknown}


   Skills:
 + Level 5.6 Fighting
 + Level 6.1 Axes
 + Level 3.2 Armour
 - Level 2.7 Dodging
 + Level 3.2 Shields
 - Level 1.1 Spellcasting
 - Level 0.2 Conjurations
 * Level 0.0 Invocations


You had 5 spell levels left.
You knew the following spells:

 Your Spells              Type           Power      Damage    Failure   Level
a - Magic Dart            Conj           4%         1d3       58%         1
b - Call Imp              Summ           0%         N/A       77%         2

Your spell library contained the following spells:

 Spells                   Type           Power      Damage    Failure   Level
 Mephitic Cloud           Conj/Pois/Air  0%         N/A       93%         3


Dungeon Overview and Level Annotations

Branches:
Dungeon (5/15)             Temple (1/1) D:5

Altars:
Ashenzari
Cheibriados
Dithmenos
Elyvilon
Fedhas
Gozag
Hepliaklqana
Kikubaaqudgha
Makhleb
Okawaru
Qazlal
Ru
Sif Muna
Trog
Uskayaw
Vehumet
Wu Jian
Xom
Yredelemnul
Zin
The Shining One

Shops:
D:5 ?!


Message History

a - a +0 heavy hand axe (weapon)
You see here a fuming blue potion.
An ogre is nearby!
An ogre is nearby!
The ogre shouts!
The ogre closely misses you.
You barely miss the ogre. You block the ogre's attack.
Activating: Recite (9% risk of failure)
Press: ? - help, Dir - look around, f - activate You clear your throat and prepare to recite. "To the devout, Zin provideth.
From the rest..."
You hear an angry hiss. x2
You block the ogre's attack. "...ye agents of filth, ye guilty..." "...of uncleanliness, Zin taketh."
You finish reciting Ablutions 5:8.
The ogre barely misses you.
You barely miss the ogre. The ogre hits you with a +0 giant club!
You hit the ogre.
The ogre is lightly wounded.
The ogre hits you with a +0 giant club!
You hit the ogre.
The ogre is moderately wounded.
The ogre hits you with a +0 giant club!!
Okay, then.
The ogre attacks as you move away! The ogre hits you with a +0 giant club!
* * * LOW HITPOINT WARNING * * *
You are confused.
You feel invigorated.
The water moccasin bites you but does no damage.
You're too confused to move!
The water moccasin bites you.
* * * LOW HITPOINT WARNING * * *
The water moccasin bites you.
* * * LOW HITPOINT WARNING * * *
You slash the ogre!
The ogre is severely wounded.
You miss the water moccasin.
You feel less invigorated.
You feel less confused. You block the water moccasin's attack.
The ogre hits you with a +0 giant club!
You die...

...#....#.#...
#......
#...###.#.#.##
######## #......
#...+ ......
#....∩.###.....[
#...# .##...
#......##.......
#...# .# ...
#......##.###'##
#...# ..
#...............
#.l.# ###.
#......###.####'
#...#
##...#+###......# #.#
#.. #.f.#
#......S@.......###.#
#..
#......O.........##.#
#..
#......!.........##.#
#..
########+#.......##.#
#.. #........... #..
#......##.## #..
####+#$# .. #.. .#
#.. # ###


You could see a water moccasin and an ogre.

Vanquished Creatures
  A scorpion (D:5)
  2 howler monkeys
  2 hounds
  A jelly (D:5)
  A sleepcap (D:4)
  3 iguanas
  4 adders
  7 gnolls (D:4)
  A white imp (D:5)
  A dart slug (D:3)
  2 orcs
  7 bats
  6 endoplasms
  3 giant cockroaches
  7 hobgoblins
  2 jackals (D:1)
  7 quokkas
  8 ball pythons
  2 frilled lizards (D:2)
  6 goblins
  3 kobolds
  3 rats
79 creatures vanquished.

Notes
Turn   | Place    | Note
-------+----------+-------------------------------------------
     0 | D:1      | MisterAzrael the Hill Orc Monk began the quest for the Orb.
     0 | D:1      | Reached XP level 1. HP: 19/19 MP: 1/1
    56 | D:1      | Reached XP level 2. HP: 24/27 MP: 2/2
  1128 | D:2      | Reached XP level 3. HP: 33/33 MP: 3/3
  1650 | D:3      | Reached skill level 1 in Shields
  1650 | D:3      | Reached XP level 4. HP: 37/41 MP: 4/4
  1679 | D:3      | Reached skill level 1 in Armour
  1830 | D:3      | Found a faded altar of an unknown god.
  2175 | D:4      | Reached skill level 5 in Axes
  2179 | D:4      | Reached XP level 5. HP: 46/47 MP: 5/5
  2415 | D:4      | Reached skill level 5 in Fighting
  2651 | D:4      | Learned a level 1 spell: Magic Dart
  2734 | D:4      | Reached XP level 6. HP: 56/56 MP: 6/6
  2883 | D:5      | Entered Level 5 of the Dungeon
  2883 | D:5      | Found Udaost's Distillery.
  2982 | D:5      | Reached skill level 6 in Axes
  3095 | D:5      | Reached skill level 1 in Spellcasting
  3095 | D:5      | Reached XP level 7. HP: 24/61 MP: 8/8
  3296 | D:5      | Learned a level 2 spell: Call Imp
  3492 | D:5      | Found a staircase to the Ecumenical Temple.
  3505 | Temple   | Entered the Ecumenical Temple
  3571 | Temple   | Became a worshipper of Zin the Law-Giver
  3571 | Temple   | Reached * piety under Zin
  3571 | Temple   | Reached ** piety under Zin
  3670 | D:5      | Found Bugual's Magic Scroll Shop.
  3678 | D:5      | Bought a scroll of brand weapon for 123 gold pieces
  3703 | D:5      | Slain by an ogre

Illustrated notes

Levels and vault maps discovered:
D:1:      arrival_zaba_pyramid, layout_basic
D:2:      layout_rooms
D:3:      cheibrodos_old_hovel, layout_loops_ring,
          hellmonk_ecumenical_altar_zigzags
D:4:      layout_basic
D:5:      layout_basic, temple_fountains, serial_shops, shop,
          nicolae_shop_statue_plus, minmay_crystal_room, uniq_crazy_yiuf_cottage
Temple:   mainiacjoe_temple_trianglar_array

Skill      XL: |  1  2  3  4  5  6 |
---------------+-------------------+-----
Fighting       | 4 5 |  5.6
Shields        | 1 2 3 |  3.2
Armour         | 1 2 3 |  3.2
Axes           | 5 6 |  6.1
Spellcasting   | 1 |  1.1
Dodging        | |  2.7
Conjurations   | |  0.2

Action                     |  1- 3 |  4- 6 |  7- 9 || total
---------------------------+-------+-------+-------++-------
  Melee: Hand axe          |   110 |   228 |    29 ||   367
 Invoke: Recite            |       |       |     1 ||     1
    Use: Scroll            |       |     1 |     2 ||     3
         Potion            |       |       |     1 ||     1
 Armour: Robe              |     3 |       |       ||     3
         Swamp dragon scal |    39 |   106 |    10 ||   155
  Dodge: Dodged            |    60 |   114 |    20 ||   194
  Block: Buckler           |    10 |    57 |     9 ||    76

Table legend: (Time is in decaauts)
 A = Elapsed time spent in this place.
 B = Non-inter-level travel time spent in this place.
 C = Inter-level travel time spent in this place.
 D = Time resting spent in this place.
 E = Time spent auto-exploring this place.
 F = Levels seen in this place.
 G = Mean time per level.
                   A        B        C        D        E       F      G
               +--------+--------+--------+--------+--------+-----+--------+
         Total |   3733 |   3589 |    144 |    124 |   2581 |   6 |  622.2 |
       Dungeon |   3629 |   3522 |    107 |    124 |   2581 |   5 |  725.8 |
        Temple |    103 |     66 |     37 |      0 |      0 |   1 |  103.0 |
               +--------+--------+--------+--------+--------+-----+--------+

Top non-repeatable levels by time:
     D:1: 860 daAuts
     D:4: 807 daAuts
     D:3: 736 daAuts
     D:5: 722 daAuts
     D:2: 502 daAuts
  Temple: 103 daAuts
